 Dungeon Crawl Stone Soup version 0.21.1-1-g345015f (webtiles) character file.

92 VLARC the Digger (level 4, -6/33 HPs)
             Began as a Ghoul Earth Elementalist on Apr 5, 2018.
             Mangled by an orc wizard
             ... wielding a +0 dagger of electrocution
              (17 damage)
             ... on level 3 of the Dungeon.
             The game lasted 00:03:14 (2546 turns).

VLARC the Digger (Ghoul Earth Elementalist)         Turns: 2546, Time: 00:03:14

Health: -6/33      AC:  3    Str: 11    XL:     4   Next: 60%
Magic:  0/7        EV: 12    Int: 11    God:
Gold:   149        SH:  0    Dex:  9    Spells: 8/9 levels left

rFire    . . .     SeeInvis .   (no weapon)
rCold    + . .     Gourm    .   (no shield)
rNeg     + + +     Faith    .   c - +0 robe
rPois    ∞         Spirit   .   (no helmet)
rElec    .         Reflect  .   (no cloak)
rCorr    .         Harm     .   k - +0 pair of gloves
MR       .....                  (no boots)
Stlth    ++........             (no amulet)
HPRegen  0.00/turn              (no ring)
MPRegen  0.10/turn              (no ring)

@: very slightly contaminated, rotting
A: rotting body, claws 1, carnivore, cold resistance 1, negative energy
resistance 3, inhibited regeneration, torment resistance, unbreathing
a: no special abilities


You were on level 3 of the Dungeon.
You were not hungry.

You visited 1 branch of the dungeon, and saw 3 of its levels.

You collected 149 gold pieces.

Inventory:

Missiles
 b - 46 stones (quivered)
Armour
 c - a +0 robe (worn)
 k - a +0 pair of gloves (worn)
Scrolls
 j - 4 scrolls of remove curse
 l - a scroll of blinking {unknown}
Potions
 a - a potion of might {unknown}
 f - 2 potions of magic
 h - a potion of curing
 i - 3 potions of haste {unknown}
Books
 e - a book of Geomancy

   Spells                             Type                      Level
   a - Sandblast                      Earth                        1
   b - Passwall                       Transmutation/Earth          2
   c - Stone Arrow                    Conjuration/Earth            3
   d - Petrify                        Transmutation/Earth          4
   e - Lee's Rapid Deconstruction     Earth                        5
Comestibles
 d - 7 rations
 g - a chunk of flesh


   Skills:
 - Level 1.7 Dodging
 - Level 2.1 Stealth
 + Level 3.0 Spellcasting
   Level 0.8 Transmutations
 + Level 4.6 Earth Magic


You had 8 spell levels left.
You knew the following spells:

 Your Spells              Type           Power        Failure   Level  Hunger
a - Sandblast             Erth           ##....       3%          1    #......


Dungeon Overview and Level Annotations

Branches:
Dungeon (3/15)

Altars:
Ru


Innate Abilities, Weirdness & Mutations

Your body is rotting away.
You thrive on raw meat.
You are immune to poison.
You have sharp fingernails.
You are carnivorous and can eat meat at any time.
Your flesh is cold resistant. (rC+)
You are immune to negative energy. (rN+++)
You do not regenerate when monsters are visible.
You are immune to unholy pain and torment.
You can survive without breathing.


Message History

Aiming: Sandblast
Press: ? - help, Shift-Dir - straight line, f - orc wizard
Aim: an orc wizard, wielding a dagger of electrocution and wearing a robe (mute)
You miscast Sandblast.
You are very lightly contaminated with residual magic.
Nothing appears to happen.
The orc wizard barely misses you.
Casting: Sandblast
Confirm with . or Enter, or press ? or * to list all spells.
You don't have enough magic to cast that spell.
You hit the orc wizard.
The orc wizard is lightly wounded.
The orc wizard hits you but does no damage.
You are electrocuted!
Ouch! That really hurt!
You barely miss the orc wizard.
The orc wizard is lightly wounded.
The orc wizard hits you with a dagger of electrocution.
You are electrocuted!
Ouch! That really hurt!
You die...

+#######+
#...#...# .#
#...#...# .#
#..@....# .#
###o_.### .#
#.......##.#
#...#...#..#
#...#...#..#
+#######'..#####
....###.........#
..##.......####.#
#.##.####..#


You could see an orc wizard (mute).

Vanquished Creatures
  3 adders
  An ooze (D:1)
  3 worms (D:2)
  2 dart slugs (D:1)
  4 giant cockroaches
  12 goblins
  9 hobgoblins
  5 bats
  2 frilled lizards (D:2)
  2 kobolds
  4 rats
47 creatures vanquished.

Notes
Turn   | Place    | Note
-------+----------+-------------------------------------------
     0 | D:1      | VLARC the Ghoul Earth Elementalist began the quest for the Orb.
     0 | D:1      | Reached XP level 1. HP: 14/14 MP: 2/2
   272 | D:1      | Reached XP level 2. HP: 20/20 MP: 2/4
   718 | D:1      | Reached XP level 3. HP: 26/26 MP: 3/5
   864 | D:1      | Reached skill level 4 in Earth Magic
  1969 | D:2      | Reached XP level 4. HP: 33/33 MP: 4/7
  2528 | D:3      | Found a sacrificial altar of Ru.
  2546 | D:3      | Mangled by an orc wizard

Skill      XL: |  1  2  3  4 |
---------------+-------------+-----
Spellcasting   | 2 3 |  3.0
Earth Magic    | 4 |  4.6
Dodging        | |  1.7
Stealth        | |  2.1
Transmutations | |  0.8

Action                   |  1- 3 |  4- 6 || total
-------------------------+-------+-------++-------
Melee: Unarmed           |    67 |    38 ||   105
 Cast: Sandblast         |    50 |    19 ||    69
  Use: Scroll            |     5 |       ||     5
  Eat: Chunk             |     8 |     7 ||    15
Armor: Robe              |     7 |     8 ||    15
       Ring mail         |    44 |       ||    44
Dodge: Dodged            |    53 |    28 ||    81
